 Dungeon Crawl Stone Soup version 0.28.0-53-g5a82cb258f (webtiles) character file.

Game seed: 8868389739011065175

1243 hawla the Arsonist (level 8, -2/33 HPs)
             Began as a Felid Fire Elementalist on May 26, 2022.
             Was a Follower of Vehumet.
             Slain by a hornet zombie (10 damage)
             ... on level 6 of the Dungeon.
             The game lasted 00:21:35 (9617 turns).

hawla the Arsonist (Felid Fire Elementalist)        Turns: 9617, Time: 00:21:36

Health: -2/33      AC:  2    Str:  4    XL:     8   Next: 25%
Magic:  1/14       EV: 19    Int: 25    God:    Vehumet [*.....]
Gold:   333        SH:  0    Dex: 19    Spells: 6/14 levels left
                                        Lives:  0   Deaths: 2

rFire   + . .      SeeInvis +   (weapon unavailable)
rCold   + . .      Faith    .   (shield unavailable)
rNeg    . . .      Spirit   .   (armour unavailable)
rPois   .          Reflect  .   (helmet unavailable)
rElec   +          Harm     .   (cloak unavailable)
rCorr   .          Rampage  .   (gloves unavailable)
Will    ++...                   (boots unavailable)
Stlth   +++.......              (no amulet)
HPRegen 0.11/turn               e - ring "Uriry" {rElec Will+ Dex+3}
MPRegen 0.14/turn               m - ring of Bebop {rElec rF+ rC+ Int+6}

@: quick
A: very small, claws 1, fangs 3, see invisible, speed 1, shaggy fur 2, stealthy
paws, no weapons or thrown items, no armour, multi-lived
a: Renounce Religion


You were on level 6 of the Dungeon.
You worshipped Vehumet.
Vehumet was aware of your devotion.
You visited 2 branches of the dungeon, and saw 7 of its levels.

You collected 351 gold pieces.
You spent 18 gold pieces at shops.

Inventory:

Missiles
 r - 79 stones
Jewellery
 e - the ring "Uriry" (left paw) {rElec Will+ Dex+3}
   (You acquired it on level 6 of the Dungeon)

   [ring of willpower]

   Dex:       It affects your dexterity (+3).
   rElec:     It insulates you from electricity.
   Will:      It increases your willpower.
 f - a ring of positive energy
 m - the ring of Bebop (right paw) {rElec rF+ rC+ Int+6}
   (You found it on level 5 of the Dungeon)

   [ring of intelligence]

   Int:       It affects your intelligence (+6).
   rF:        It protects you from fire.
   rC:        It protects you from cold.
   rElec:     It insulates you from electricity.
Wands
 g - a wand of flame (13)
 o - a wand of polymorph (9)
 s - a wand of digging (4)
Scrolls
 c - 2 scrolls of amnesia
 h - 2 scrolls of blinking
 j - a scroll of fear
 k - a scroll of teleportation {unknown}
 q - a scroll of fog {unknown}
 t - 2 scrolls of identify
 u - a scroll of brand weapon {unknown}
Potions
 a - 3 potions of curing
 b - 3 potions of invisibility {unknown}
 d - a potion of flight
 i - a potion of attraction {unknown}
 l - a potion of brilliance {unknown}
 n - a potion of magic {unknown}
 p - a potion of might {unknown}


   Skills:
 * Level 1.6 Fighting
 + Level 4.4 Dodging
 + Level 3.5 Stealth
 + Level 3.8 Spellcasting
 + Level 4.1 Conjurations
 + Level 8.6 Fire Magic
 + Level 0.5 Earth Magic


You had 6 spell levels left.
You knew the following spells:

 Your Spells              Type           Power      Damage    Failure   Level
a - Foxfire               Conj/Fire      100%       2x1d9     1%          1
b - Scorch                Fire           96%        2d10      1%          2
c - Flame Wave            Conj/Fire      36%        2d9       7%          4
d - Sandblast             Erth           14%        2d6       8%          1

Your spell library contained the following spells:

 Spells                   Type           Power      Damage    Failure   Level
 Conjure Flame            Conj/Fire      36%        6-21      1%          3
 Inner Flame              Hex/Fire       26%        N/A       4%          3
 Corpse Rot               Necr/Air       8%         N/A       14%         2
 Poisonous Vapours        Pois/Air       8%         N/A       14%         2


Dungeon Overview and Level Annotations

Branches:
Dungeon (6/15)             Temple (1/1) D:4

Altars:
Dithmenos
Elyvilon
Fedhas
Gozag
Hepliaklqana
Kikubaaqudgha
Makhleb
Okawaru
Qazlal
Ru
Trog
Vehumet
Wu Jian
Xom
Yredelemnul

Shops:
D:6 *

Annotations:
D:4 2 transporters


Innate Abilities, Weirdness & Mutations

You have sharp claws.
You have razor-sharp teeth.
You have supernaturally acute eyesight. (SInv)
You cover ground quickly. (Speed+)
You are covered in thick fur. (AC +2)
Your paws help you pounce on unaware monsters.
You are incapable of wielding weapons or throwing items.
You cannot wear armour.
You gain extra lives every three experience levels.


Message History

Aim: a hornet zombie (lightly damaged, 81% to hit)
The blast of sand hits the hornet zombie but does no damage.
The hornet zombie is lightly damaged.
The hornet zombie barely misses you.
Casting: Sandblast (safe; 8% risk of failure)
Confirm with . or Enter, or press ? or * to list all spells.
Aiming: Sandblast (safe; 8% risk of failure)
Press: ? - help, Shift-Dir - straight line, f/p - hornet zombie
Aim: a hornet zombie (lightly damaged, 81% to hit)
The blast of sand hits the hornet zombie!
The hornet zombie is moderately damaged.
The hornet zombie closely misses you.
Casting: Sandblast (safe; 8% risk of failure)
Confirm with . or Enter, or press ? or * to list all spells.
You conjure some foxfire!
The hornet zombie completely misses you.
The hornet zombie hits you!
Casting: Foxfire (safe; 1% risk of failure)
Confirm with . or Enter, or press ? or * to list all spells.
You conjure some foxfire!
The foxfire hits the hornet zombie but does no damage.
The hornet zombie is moderately damaged.
The foxfire hits the hornet zombie but does no damage.
The hornet zombie is moderately damaged.
The hornet zombie misses you.
Casting: Foxfire (safe; 1% risk of failure)
Confirm with . or Enter, or press ? or * to list all spells.
You conjure some foxfire!
The foxfire hits the hornet zombie.
The hornet zombie is heavily damaged.
The hornet zombie barely misses you.
You closely miss the hornet zombie.
The hornet zombie is heavily damaged.
The foxfire hits the hornet zombie but does no damage.
The hornet zombie is heavily damaged.
The foxfire hits the hornet zombie.
The hornet zombie is heavily damaged.
The hornet zombie hits you!
* * * LOW HITPOINT WARNING * * *
The hornet zombie hits you!
You die...

.#...........##...........# #.#
.#.##...#.)...............# #.#
#.##...#######.........).# #.#
#.##...#######...........# #.#
#.##.........####........####.#
#.##.........##.............#.#
#.##.........########.......#.#
#.##.........####..$###.....#.##
.#.##.........##@§.....##....'...
.#.##.........#Z.§###...##...##.#
..............#..##(##...#...##.#
##.##...########...Z##...######.#
........#......######...## #.#
##.####.#..............## ###
......#.#............### #
.#.##.#.#.........####... #
.#.##.#.#.....####........# #


You could see a hornet zombie.

Vanquished Creatures
  Sigmund (D:2)
  An ice beast (D:4)
  2 black bears
  3 ogres (D:5)
  A sky beast (D:5)
  2 necrophages
  A phantom (D:5)
  A gnoll sergeant (D:5)
  2 scorpions
  4 water moccasin skeletons
  A hound (D:6)
  An orc priest (D:5)
  A bullfrog skeleton (D:5)
  2 iguanas
  Terence (D:2)
  An orc wizard (D:5)
  A killer bee zombie (D:5)
  A hound skeleton (D:4)
  8 adders
  A white imp (D:5)
  An adder skeleton (D:4)
  A worm (D:5)
  A dart slug (D:4)
  9 orcs
  4 ball pythons
  4 bats
  10 endoplasms
  A giant cockroach (D:4)
  10 goblins
  A hobgoblin (D:1)
  8 jackals
  7 kobolds
  5 quokkas
  5 frilled lizards
  A rat (D:3)
104 creatures vanquished.

Vanquished Creatures (collateral kills)
  A foxfire (D:5)
1 creature vanquished.

Vanquished Creatures (others)
  266 foxfires
  7 plants (D:4)
  4 toadstools (D:1)
277 creatures vanquished.

Grand Total: 382 creatures vanquished

Notes
Turn   | Place    | Note
-------+----------+-------------------------------------------
     0 | D:1      | hawla the Felid Fire Elementalist began the quest for the
                  | Orb.
     0 | D:1      | Reached XP level 1. HP: 7/7 MP: 4/4
   208 | D:1      | Reached skill level 3 in Fire Magic
   314 | D:1      | Reached XP level 2. HP: 11/11 MP: 3/6
  1103 | D:2      | Learned a level 2 spell: Scorch
  1293 | D:2      | Reached XP level 3. HP: 14/14 MP: 2/7
  1404 | D:2      | Found a faded altar of an unknown god.
  1408 | D:2      | Noticed Terence
  1925 | D:2      | Noticed Sigmund
  2983 | D:2      | Killed Sigmund
  2984 | D:2      | Reached skill level 1 in Conjurations
  2984 | D:2      | Reached skill level 4 in Fire Magic
  2984 | D:2      | Reached XP level 4. HP: 18/18 MP: 2/10
  2984 | D:2      | Reached XP level 5. HP: 21/21 MP: 2/11
  2989 | D:2      | Learned a level 4 spell: Flame Wave
  4085 | D:3      | Found a burning altar of Makhleb.
  4343 | D:4      | Found a white marble altar of Elyvilon.
  4492 | D:4      | Noticed a wyvern
  4497 | D:4      | Found a transporter.
  4498 | D:4      | Noticed a necrophage
  4506 | D:4      | Killed a necrophage
  4507 | D:4      | Reached skill level 5 in Fire Magic
  4507 | D:4      | Gained mutation: You are covered in thick fur. (AC +2)
                  | [Felid growth]
  4507 | D:4      | Reached XP level 6. HP: 24/24 MP: 3/12
  4576 | D:4      | Found a transporter.
  4578 | D:4      | Noticed a sky beast
  4580 | D:4      | Found a bloodstained altar of Trog.
  4626 | D:4      | Found a staircase to the Ecumenical Temple.
  4690 | D:4      | HP: 1/24 [scorpion (9)]
  4693 | D:4      | Slain by a hound skeleton
  4694 | D:4      | Reached XP level 5. HP: -2/21 MP: 0/11
  4735 | Temple   | Entered the Ecumenical Temple
  5135 | Temple   | Became a worshipper of Vehumet
  5267 | D:4      | Reached XP level 6. HP: 24/24 MP: 4/12
  5521 | D:5      | Entered Level 5 of the Dungeon
  5524 | D:5      | Noticed an ice beast
  5627 | D:5      | Noticed a sky beast
  5637 | D:4      | Killed an ice beast
  5638 | D:4      | Reached skill level 6 in Fire Magic
  6112 | D:5      | Identified the ring of Bebop {rElec rF+ rC+ Int+6}
  6179 | D:5      | Reached XP level 7. HP: 28/28 MP: 6/13
  6752 | D:5      | Reached skill level 7 in Fire Magic
  6773 | D:5      | Slain by a black bear
  6774 | D:5      | Reached XP level 6. HP: 0/25 MP: 0/12
  7239 | D:5      | Reached XP level 7. HP: 28/28 MP: 10/13
  8065 | D:5      | Reached * piety under Vehumet
  8065 | D:5      | Offered knowledge of Sandblast by Vehumet.
  8070 | D:5      | Reached skill level 8 in Fire Magic
  8108 | D:5      | Reached skill level 1 in Fighting
  8374 | D:6      | Identified a scroll of acquirement
  8374 | D:6      | Acquired the ring "Uriry" {rElec Will+ Dex+3}
  8484 | D:6      | Found Hyzack's General Store.
  8492 | D:6      | Bought 13 stones for 18 gold pieces
  8494 | D:6      | Learned a level 1 spell: Sandblast
  8842 | D:2      | Killed Terence
  9198 | D:5      | Reached XP level 8. HP: 32/32 MP: 8/14
  9617 | D:6      | Slain by a hornet zombie

Illustrated notes

Levels and vault maps discovered:
D:1:      ldierk_walled_garden_2, layout_basic
D:2:      layout_basic, ebering_ecumenical_altar_sacrificial, uniq_sigmund,
          uniq_terence
D:3:      layout_loops_ring, lightli_temple_of_fire, minivault_4,
          hangedman_decor_opposing
D:4:      layout_rooms, nicolae_elyvilon_temple_path,
          gammafunk_temple_overflow_arena, minmay_temple_entry_glass
D:5:      minmay_chambers_of_threes, layout_loops_ring
D:6:      layout_basic, serial_shops, nicolae_shop_waterfront, minmay_puff
Temple:   minmay_temple_forest_path

Skill      XL: |  1  2  3  4  5  6  7 |
---------------+----------------------+-----
Dodging        | 3 4 |  4.4
Fire Magic     | 3 4 5 6 8 |  8.6
Stealth        | 3 |  3.5
Spellcasting   | 3 |  3.8
Conjurations   | 1 2 4 |  4.1
Fighting       | 1 |  1.6
Earth Magic    | |  0.5

Action                   |  1- 3 |  4- 6 |  7- 9 || total
-------------------------+-------+-------+-------++-------
Melee: Unarmed           |     1 |     9 |     2 ||    12
       Bite              |       |     1 |       ||     1
 Cast: Foxfire           |    34 |    77 |    54 ||   165
       Scorch            |    11 |    36 |    27 ||    74
       Flame Wave        |       |       |     4 ||     4
       Sandblast         |       |       |     7 ||     7
  Use: Scroll            |     3 |     6 |     3 ||    12
 Stab: Sleeping          |       |     1 |       ||     1
Armor: Skin              |       |     3 |       ||     3
Dodge: Dodged            |     8 |    30 |    51 ||    89
